 Dungeon Crawl Stone Soup version 0.27.1-34-g3ba077fa99 (webtiles) character file.

Game seed: 16460652875313605584

3138 assdfadf the Thaumaturge (level 9, 0/52 HPs)
             Began as a Deep Elf Conjurer on Jan 4, 2022.
             Was an Initiate of Sif Muna.
             Shot with an arrow by a centaur (8 damage)
             ... on level 7 of the Dungeon.
             The game lasted 00:13:44 (7881 turns).

assdfadf the Thaumaturge (Deep Elf Conjurer)        Turns: 7881, Time: 00:13:44

Health: 0/52       AC:  5    Str:  4    XL:     9   Next: 61%
Magic:  18/33      EV: 12    Int: 27    God:    Sif Muna [......]
Gold:   253        SH:  0    Dex: 13    Spells: 15/26 levels left

rFire    . . .     SeeInvis .   k - staff of death
rCold    . . .     Faith    .   (no shield)
rNeg     + . .     Spirit   .   a - +0 robe
rPois    .         Reflect  .   n - +0 helmet
rElec    .         Harm     .   g - +0 cloak
rCorr    .         Rampage  .   (no gloves)
Will     +....                  r - +0 pair of boots
Stlth    ++........             (no amulet)
HPRegen  0.17/turn              h - ring of magical power
MPRegen  0.23/turn              u - ring of willpower

@: no status effects
A: no striking features
a: Renounce Religion


You were on level 7 of the Dungeon.
You worshipped Sif Muna.
Sif Muna was noncommittal.
You visited 2 branches of the dungeon, and saw 8 of its levels.

You collected 253 gold pieces.

Inventory:

Armour
 a - a +0 robe (worn)
 g - a +0 cloak (worn)
 n - a +0 helmet (worn)
 r - a +0 pair of boots (worn)
Magical Staves
 k - a staff of death (weapon)
Jewellery
 h - a ring of magical power (left hand)
 u - a ring of willpower (right hand)
Wands
 e - a wand of acid (19)
 x - a wand of polymorph (8)
Scrolls
 b - a scroll of vulnerability {unknown}
 d - 5 scrolls of identify {unknown}
 f - a scroll of summoning {unknown}
 j - a scroll of enchant armour {unknown}
 o - a scroll of acquirement {unknown}
 t - 2 scrolls of teleportation {unknown}
 y - a scroll of holy word {unknown}
 A - a scroll of immolation {unknown}
 B - a scroll of amnesia {unknown}
Potions
 c - 3 potions of flight {unknown}
 i - a potion of haste {unknown}
 l - a potion of cancellation {unknown}
 m - a potion of attraction {unknown}
 p - 2 potions of lignification {unknown}
 q - 5 potions of curing {unknown}
 s - a potion of invisibility {unknown}
 v - a potion of magic {unknown}
 w - a potion of mutation {unknown}
 z - a potion of ambrosia {unknown}


   Skills:
 - Level 4.0 Fighting
 - Level 2.4 Dodging
 - Level 2.4 Stealth
 - Level 9.0 Spellcasting
 - Level 8.0 Conjurations
 - Level 4.0 Translocations
 + Level 8.8 Invocations


You had 15 spell levels left.
You knew the following spells:

 Your Spells              Type           Power      Damage    Failure   Level
a - Magic Dart            Conj           100%       1d8       1%          1
b - Searing Ray           Conj           100%       3d7       1%          2
c - Iskenderun's Mystic   Conj/Tloc      44%        2d10      4%          4
d - Fulminant Prism       Conj/Hex       16%        3d11      9%          4

Your spell library contained the following spells:

 Spells                   Type           Power      Damage    Failure   Level
 Dazzling Flash           Conj/Hex       66%        N/A       2%          3
 Summon Small Mammal      Summ           48%        N/A       4%          1
 Mephitic Cloud           Conj/Pois/Air  26%        N/A       4%          3
 Call Imp                 Summ           12%        N/A       7%          2
 Slow                     Hex            12%        N/A       7%          2
 Call Canine Familiar     Summ           12%        N/A       14%         3
 Confusing Touch          Hex            12%        N/A       14%         3
 Summon Guardian Golem    Hex/Summ       12%        N/A       14%         3
 Yara's Violent Unravell  Hex/Tmut       6%         3d5       78%         5


Dungeon Overview and Level Annotations

Branches:
Dungeon (7/15)             Temple (1/1) D:5

Altars:
Ashenzari
Cheibriados
Dithmenos
Elyvilon
Fedhas
Gozag
Kikubaaqudgha
Makhleb
Nemelex Xobeh
Okawaru
Qazlal
Sif Muna
Trog
Uskayaw
Vehumet
Xom
Yredelemnul
Zin
The Shining One

Shops:
D:7 :


Message History

You finish channeling your searing ray.
Casting: Searing Ray (safe; 1% risk of failure)
Confirm with . or Enter, or press ? or * to list all spells.
Aiming: Searing Ray (safe; 1% risk of failure)
Press: ? - help, Shift-Dir - straight line, f - two-headed ogre
Aim: a two-headed ogre, wielding two +0 giant spiked clubs (92% to hit)
The searing ray hits the two-headed ogre!
The two-headed ogre is lightly wounded. (Press . to maintain the ray.)
A gnoll comes into view. It is wielding a +2 whip of flaming.
The searing ray hits the two-headed ogre!
The two-headed ogre is heavily wounded.
The searing ray hits the two-headed ogre!!
The two-headed ogre is almost dead.
A centaur comes into view.
Casting: Searing Ray (safe; 1% risk of failure)
Confirm with . or Enter, or press ? or * to list all spells.
You erupt in a blast of force!
The mystic blast hits the two-headed ogre.
The two-headed ogre is almost dead.
You hear a shout! x2; You hear a bark!
The two-headed ogre hits you with a +0 giant spiked club!! x2
* * * LOW HITPOINT WARNING * * *
Casting: Iskenderun's Mystic Blast (dangerous; 4% risk of failure)
Confirm with . or Enter, or press ? or * to list all spells.
You erupt in a blast of force!
The mystic blast hits the gnoll!
The gnoll is heavily wounded.
The gnoll is knocked back by the mystic blast.
The mystic blast hits the two-headed ogre.
The two-headed ogre is almost dead.
The two-headed ogre is knocked back by the mystic blast.
The two-headed ogre slams into the rock wall!
You kill the two-headed ogre!
Sif Muna accepts your kill.
You hear a bark!
A centaur comes into view.
Your Invocations skill gained 2 levels and is now at level 8!
The centaur wields a +0 shortbow.
The centaur shoots an arrow.
The arrow hits you!
You die...

.#≈# ...# #
#..≈ ...# #
#. .!.
...#.# ##.#
#.. ...#.##
##...###..
......
......#).
....#
........####
....#
......÷@...#
.<..#
..........##
###.#
#......##.#
.. .......
.g. ...
....... c.#
####.....#
..# ##...#
.. ##c# #..


You could see 2 centaurs and a gnoll.

Vanquished Creatures
  A two-headed ogre (D:7)
  5 yaks (D:6)
  2 ice beasts
  A sky beast (D:5)
  A black bear (D:6)
  3 ogres
  2 centaurs
  A bullfrog (D:7)
  2 scorpions (D:5)
  2 water moccasin skeletons (D:5)
  2 vampire bats (D:4)
  A howler monkey (D:7)
  A bullfrog zombie (D:5)
  A centaur zombie (D:6)
  A hound (D:5)
  2 centaur skeletons
  2 bullfrog skeletons
  3 orc priests
  Jessica (D:3)
  3 iguanas
  4 orc wizards (D:6)
  A hound zombie (D:5)
  A gnoll (D:1)
  4 adders
  An ufetubus (D:6)
  An adder skeleton (D:4)
  3 worms
  8 orcs
  4 bat skeletons (D:4)
  A bat zombie (D:4)
  3 endoplasms
  A giant cockroach (D:4)
  5 goblins
  6 hobgoblins
  4 jackals (D:3)
  A quokka (D:3)
  5 ball pythons
  4 bats
  4 frilled lizards
  8 kobolds
  5 rats
111 creatures vanquished.

Vanquished Creatures (others)
  17 fungi (D:5)
17 creatures vanquished.

Grand Total: 128 creatures vanquished

Notes
Turn   | Place    | Note
-------+----------+-------------------------------------------
     0 | D:1      | assdfadf the Deep Elf Conjurer began the quest for the Orb.
     0 | D:1      | Reached XP level 1. HP: 10/10 MP: 6/6
   412 | D:3      | Noticed an orc priest
   563 | D:2      | Reached skill level 5 in Conjurations
   563 | D:2      | Reached XP level 2. HP: 15/15 MP: 1/8
   566 | D:2      | Learned a level 2 spell: Searing Ray
  1354 | D:3      | Reached XP level 3. HP: 19/19 MP: 1/9
  1487 | D:3      | Noticed Jessica
  1489 | D:3      | Killed Jessica
  1547 | D:4      | Reached XP level 4. HP: 18/24 MP: 3/10
  1847 | D:4      | Learned a level 4 spell: Iskenderun's Mystic Blast
  1872 | D:4      | Reached XP level 5. HP: 25/28 MP: 0/11
  2318 | D:4      | Found an ancient bone altar of Kikubaaqudgha.
  2528 | D:4      | Reached XP level 6. HP: 32/32 MP: 12/12
  2567 | D:4      | Reached skill level 1 in Translocations
  2951 | D:5      | Entered Level 5 of the Dungeon
  3545 | D:5      | Reached XP level 7. HP: 29/36 MP: 13/14
  3640 | D:5      | Reached skill level 4 in Spellcasting
  3740 | D:5      | Reached skill level 5 in Spellcasting
  4017 | D:5      | Found a staircase to the Ecumenical Temple.
  4022 | D:5      | Reached skill level 6 in Spellcasting
  4023 | D:5      | Reached skill level 1 in Fighting
  4028 | Temple   | Entered the Ecumenical Temple
  4265 | D:3      | Learned a level 4 spell: Fulminant Prism
  4537 | D:3      | Found a blossoming altar of Fedhas.
  6046 | D:6      | Found a shimmering blue altar of Sif Muna.
  6240 | D:6      | Became a worshipper of Sif Muna the Loreminder
  6268 | D:6      | Reached XP level 8. HP: 46/48 MP: 19/19
  6360 | D:6      | Reached skill level 1 in Invocations
  6627 | D:6      | Reached skill level 7 in Spellcasting
  6630 | D:6      | Reached skill level 8 in Spellcasting
  7138 | D:6      | Reached skill level 9 in Spellcasting
  7382 | D:6      | Reached XP level 9. HP: 52/52 MP: 24/24
  7470 | D:6      | Reached skill level 5 in Invocations
  7598 | D:7      | Found Wuinaoge's Book Shop.
  7871 | D:7      | Noticed a gargoyle
  7873 | D:7      | Noticed a two-headed ogre
  7880 | D:7      | Killed a two-headed ogre
  7881 | D:7      | Shot with an arrow by a centaur

Illustrated notes

Levels and vault maps discovered:
D:1:      dpeg_arrival_refuge, layout_basic
D:2:      layout_basic
D:3:      layout_rooms, mainiacjoe_overflow_cross_hatched, uniq_jessica
D:4:      layout_basic, kennysheep_vampire_church, nrook_mini_backslash,
          minmay_diced_spiral
D:5:      layout_basic, temple_green, serial_aquarium,
          aquarium_bridge_long_joined [aquarium_subvault_wall,
          aquarium_subvault_bridge, aquarium_subvault_window,
          aquarium_subvault_balcony, aquarium_subvault_bridge,
          aquarium_subvault_window], aquarium_window_corridor_1,
          aquarium_window_fake, aquarium_view_2b, aquarium_view_2f,
          aquarium_pool_1, kennysheep_generic_room_15
D:6:      layout_basic, mainiacjoe_overflow_paths
D:7:      cheibrodos_barr_body, layout_rooms, amethyst_overflow_temple_binary,
          serial_rivers, chequers_serial_rivers_micro_a,
          chequers_serial_rivers_small_a, chequers_serial_rivers_marsh,
          chequers_serial_rivers_room_b, chequers_serial_rivers_room_a,
          serial_shops, nicolae_stop_n_shop_1, grunt_decor_arrowhead
Temple:   lightli_temple_of_artemis

Skill      XL: |  1  2  3  4  5  6  7  8  9 |
---------------+----------------------------+-----
Conjurations   | 5 6 7 8 |  8.0
Translocations | 4 |  4.0
Spellcasting   | 6 9 |  9.0
Fighting       | 3 4 |  4.0
Invocations    | 4 8 |  8.8
Dodging        | |  2.4
Stealth        | |  2.4

Action                   |  1- 3 |  4- 6 |  7- 9 || total
-------------------------+-------+-------+-------++-------
Melee: Staff             |       |       |     1 ||     1
 Cast: Magic Dart        |    29 |     3 |     5 ||    37
       Searing Ray       |    16 |    24 |    55 ||    95
       Iskenderun's Myst |       |     1 |    11 ||    12
Armor: Robe              |     1 |     2 |    11 ||    14
Dodge: Dodged            |     6 |    10 |    27 ||    43
